Mustangs vs Harfangs
Created - March 11, 2020 at 19:43
Goals
|
Mustangs |
2 |
0 |
0 |
2 |
Harfangs |
2 |
2 |
0 |
4 |
|
Shots
|
Mustangs |
16 |
5 |
4 |
25 |
Harfangs |
20 |
16 |
8 |
44 |
|
1st period
1. Harfangs , Tyler Randell 35 (Brandon McMillan 26, Calle Jarnkrok 53) at 5:40 (PP)
2. Mustangs , Melker Karlsson 39 (Josh Jooris 42) at 7:23
3. Harfangs , Nick Shore 22 (Erik Nystrom 14, Ryan Hartman 26) at 11:21
4. Mustangs , Josh Jooris 28 (Melker Karlsson 50, Jonathan Drouin 32) at 12:22
Penalties :
Brayden Point (Ham) for Roughing (Minor) at 2:24, Alexei Marchenko (Ham) for Hooking (Minor) at 5:24
2nd period
5. Harfangs , Calle Jarnkrok 32 (Tyler Randell 50) at 0:59
6. Harfangs , Sven Andrighetto 11 (Dylan Olsen 28, Cristoval Nieves 5) at 12:32
Penalties :
Melker Karlsson (Ham) for Hooking (Minor) at 5:08, Craig Smith (Ham) for Tripping (Minor) at 19:35
3rd period
No Goal
Penalties :
Ryan Hartman (BEA) for Tripping (Minor) at 5:35
Goalie Stats
Anthony Stolarz (Ham), 40 saves from 44 shots - (0.909), L, 7-6-0, 60:00 minutes
Anton Forsberg (BEA), 23 saves from 25 shots - (0.920), W, 18-14-2, 60:00 minutes
Players Stats for Mustangs
Player Name G A P +/- PIM S H SB GA TA FO MP PP MP PK MP
------------------------------------------------------------------------------------
Alexei Marchenko 0 0 0 -1 2 2 2 6 0 2 0/0 24:50 1:07 3:18
Andreas Martinsen 0 0 0 -1 0 1 2 0 0 0 0/0 16:52 0:51 1:27
Andrew O'Brien 0 0 0 -1 0 1 1 0 0 2 0/0 16:39 0:00 2:39
Ben Harpur 0 0 0 1 0 0 1 4 0 1 0/0 22:10 0:52 3:34
Brayden Point 0 0 0 0 2 0 2 0 0 0 0/0 12:29 0:00 0:00
Chrstian Dvorak 0 0 0 0 0 0 1 0 0 0 0/2 7:38 0:00 0:00
Craig Smith 0 0 0 -1 2 0 3 0 0 1 0/0 16:02 0:51 0:43
Dakota Mermis 0 0 0 -1 0 0 0 0 0 0 0/0 17:31 0:52 2:39
Damon Severson 0 0 0 1 0 1 1 1 1 0 0/0 18:59 1:07 0:00
Iven Barbashev 0 0 0 0 0 1 0 0 1 0 0/4 7:38 0:00 0:00
Jim O'Brien 0 0 0 0 0 2 0 0 0 0 4/6 13:15 0:00 0:44
Jonathan Drouin 0 1 1 0 0 2 1 0 0 0 1/2 17:55 0:57 0:00
Josh Jooris 1 1 2 0 0 3 3 0 0 0 0/1 21:59 0:57 4:03
Max Gortz 0 0 0 0 0 1 0 1 1 0 0/0 8:00 0:11 0:00
Melker Karlsson 1 1 2 0 2 5 3 1 0 0 12/34 21:26 1:08 2:48
Scott Mayfield 0 0 0 -1 0 1 1 2 0 0 0/0 19:50 0:00 0:16
Stefan Matteau 0 0 0 -1 0 3 2 0 1 2 3/12 17:58 0:51 2:41
Tuomo Ruutu 0 0 0 0 0 2 1 0 0 0 0/0 12:32 0:11 0:00
Players Stats for Harfangs
Player Name G A P +/- PIM S H SB GA TA FO MP PP MP PK MP
------------------------------------------------------------------------------------
Anthony Angello 0 0 0 0 0 0 0 0 0 0 0/0 0:50 0:00 0:30
Blake Heinrich 0 0 0 0 0 0 0 0 0 0 0/0 5:51 0:00 0:00
Brandon McMillan 0 1 1 0 0 1 2 0 1 0 2/3 21:16 3:35 0:23
Brendan Leipsic 0 0 0 -1 0 2 0 1 1 0 0/0 8:27 0:00 0:00
Brenden Kichton 0 0 0 1 0 1 1 0 1 0 0/0 11:53 0:00 0:00
Calle Jarnkrok 1 1 2 0 0 6 2 0 1 0 22/34 21:53 3:35 0:59
Cristoval Nieves 0 1 1 1 0 4 1 0 1 0 5/6 12:47 0:00 0:26
Devon Teows 0 0 0 0 0 0 0 0 0 0 0/0 0:00 0:00 0:00
Dylan Olsen 0 1 1 -1 0 2 1 2 0 2 0/0 24:32 3:52 1:06
Erik Nystrom 0 1 1 1 0 0 0 0 0 0 1/1 15:53 2:38 0:00
Jake Dotchin 0 0 0 1 0 1 1 0 0 1 0/0 17:44 2:21 0:53
JC Lipon 0 0 0 0 0 0 0 0 0 0 0/0 0:26 0:00 0:00
Justin Kirkland 0 0 0 0 0 0 0 0 0 0 0/0 0:00 0:00 0:00
Laurent Dauphin 0 0 0 0 0 0 0 0 0 0 0/0 0:30 0:00 0:00
Lucas Wallmarkk 0 0 0 -1 0 0 1 0 0 0 1/2 8:27 0:00 0:00
Mark Alt 0 0 0 1 0 1 0 0 0 1 0/0 11:53 0:00 0:00
Morgan Klimchuk 0 0 0 1 0 1 2 0 0 0 0/0 13:05 0:00 0:42
Nick Shore 1 0 1 1 0 6 2 0 1 0 6/10 15:53 2:38 0:00
Nick Sorensen 0 0 0 -1 0 3 0 0 0 0 0/1 8:27 0:00 0:00
Reid McNeill 0 0 0 1 0 1 0 0 0 0 0/0 17:44 2:21 0:53
Rinat Valiev 0 0 0 0 0 0 0 0 0 0 0/0 5:51 0:00 0:00
Ryan Hartman 0 1 1 1 2 0 2 0 0 0 2/2 15:53 2:38 0:00
Sven Andrighetto 1 0 1 1 0 4 0 1 0 0 0/0 12:21 0:00 0:00
Tyler Randell 1 1 2 0 0 7 2 0 1 0 2/2 21:52 3:35 0:58
Victor Bartley 0 0 0 -1 0 4 1 2 1 0 0/0 24:32 3:52 1:06
3 Stars
1 - Calle Jarnkrok (BEA)
2 - Tyler Randell (BEA)
3 - Nick Shore (BEA)
Power Play
Mustangs - 0 on 1 Attempt(s) - 0.00%
Harfangs - 1 on 4 Attempt(s) - 25.00%
Penalty Kill
Mustangs - 3 on 4 Attempt(s) - 75.00%
- Score 0 goal in Penalty Kill
Harfangs - 1 on 1 Attempt(s) - 100.00%
- Score 0 goal in Penalty Kill
Team Stat
Mustangs - Hits : 24 - Faceoff Wins : 20 - Blocked Shots : 15 - Penalty Minutes : 8
Harfangs - Hits : 18 - Faceoff Wins : 41 - Blocked Shots : 6 - Penalty Minutes : 2
Official
Referees : Unknown
Linesman : Unknown
Game Notes
No Game Note
Finance
Level 1 -- Attendance: 1950 (97.50%) -- Ticket Income $66,300
Level 2 -- Attendance: 757 (75.70%) -- Ticket Income $14,383
Total Attendance: 2707 (90.23%)
Total Ticket Income: $80,683
Other Income: $4,034
Total Income: $84,717
Mustangs
5 vs 5 Forward
Center Left Wing Right Wing Time % Phy DF OF
1 Melker Karlsson Jonathan Drouin Josh Jooris 40 1 2 2
2 Stefan Matteau Andreas Martinsen Craig Smith 30 1 2 2
3 Jim O'Brien Tuomo Ruutu Brayden Point 20 1 2 2
4 Iven Barbashev Chrstian Dvorak Max Gortz 10 1 2 2
5 vs 5 Defense
Defense Defense Time % Phy DF OF
1 Alexei Marchenko Scott Mayfield 44 1 2 2
2 Ben Harpur Damon Severson 33 1 2 2
3 Andrew O'Brien Dakota Mermis 23 1 2 2
4 Alexei Marchenko Scott Mayfield 0 1 2 2
PowerPlay Forward
Center Left Wing Right Wing Time % Phy DF OF
1 Melker Karlsson Jonathan Drouin Josh Jooris 60 1 2 2
2 Stefan Matteau Andreas Martinsen Craig Smith 40 1 2 2
PowerPlay Defense
Defense Defense Time % Phy DF OF
1 Alexei Marchenko Damon Severson 60 1 2 2
2 Ben Harpur Dakota Mermis 40 1 2 2
Penalty Kill 4 Players Forward
Center Wing Time % Phy DF OF
1 Melker Karlsson Josh Jooris 60 1 2 2
2 Stefan Matteau Craig Smith 40 1 2 2
Penalty Kill 4 Players Defense
Defense Defense Time % Phy DF OF
1 Alexei Marchenko Ben Harpur 60 1 2 2
2 Dakota Mermis Andrew O'Brien 40 1 2 2
Penalty Kill - 3 Players Forward
Forward Time % Phy DF OF
1 Melker Karlsson 60 1 2 2
2 Stefan Matteau 40 1 2 2
Penalty Kill - 3 Players Defense
Defense Defense Time % Phy DF OF
1 Alexei Marchenko Ben Harpur 60 1 2 2
2 Dakota Mermis Andrew O'Brien 40 1 2 2
4 vs 4 Forward
Center Wing Time % Phy DF OF
1 Melker Karlsson Josh Jooris 60 1 2 2
2 Stefan Matteau Craig Smith 40 1 2 2
4 vs 4 Defense
Defense Defense Time % Phy DF OF
1 Alexei Marchenko Scott Mayfield 60 1 2 2
2 Ben Harpur Damon Severson 40 1 2 2
Last Minutes Offensive
Center Left Wing Right Wing Defense Defense
Melker Karlsson Jonathan Drouin Josh Jooris Alexei Marchenko Scott Mayfield
Last Minutes Defensive
Center Left Wing Right Wing Defense Defense
Melker Karlsson Andreas Martinsen Josh Jooris Alexei Marchenko Scott Mayfield
Goaltenders
Starting : Anthony Stolarz
Backup : Chet Pickard
Extra Forwards
Normal : Melker Karlsson, Stefan Matteau, Brayden Point - PP : Josh Jooris, Craig Smith - PK : Melker Karlsson
Extra Defensemen
Normal : Alexei Marchenko, Ben Harpur, Dakota Mermis - PP : Alexei Marchenko - PK : Alexei Marchenko, Ben Harpur
Penalty Shots
Josh Jooris, Melker Karlsson, Stefan Matteau, Brayden Point, Jonathan Drouin
Scratches
Ryan Graves (Healthy), Curtis Hamilton (Healthy), Matthew Finn (Healthy), Danny Biega (Healthy), Kurtis Gabriel (Healthy)
Raphael Bussieres (Healthy), Sam Kurker (Healthy), Josh Ho-Sang (Healthy), Brett Pollock (Healthy), Steven Spinner (Healthy)
Joacim Eriksson (Healthy)
Harfangs
5 vs 5 Forward
Center Left Wing Right Wing Time % Phy DF OF
1 Calle Jarnkrok Brandon McMillan Tyler Randell 40 1 2 2
2 Nick Shore Erik Nystrom Ryan Hartman 30 1 2 2
3 Cristoval Nieves Morgan Klimchuk Sven Andrighetto 20 1 2 2
4 Lucas Wallmarkk Brendan Leipsic Nick Sorensen 10 1 2 2
5 vs 5 Defense
Defense Defense Time % Phy DF OF
1 Dylan Olsen Victor Bartley 40 1 2 2
2 Reid McNeill Jake Dotchin 30 1 2 2
3 Mark Alt Brenden Kichton 20 1 2 2
4 Blake Heinrich Rinat Valiev 10 1 2 2
PowerPlay Forward
Center Left Wing Right Wing Time % Phy DF OF
1 Calle Jarnkrok Brandon McMillan Tyler Randell 60 1 2 2
2 Nick Shore Erik Nystrom Ryan Hartman 40 1 2 2
PowerPlay Defense
Defense Defense Time % Phy DF OF
1 Dylan Olsen Victor Bartley 60 1 2 2
2 Reid McNeill Jake Dotchin 40 1 2 2
Penalty Kill 4 Players Forward
Center Wing Time % Phy DF OF
1 Tyler Randell Calle Jarnkrok 60 1 2 2
2 Brandon McMillan Ryan Hartman 40 1 2 2
Penalty Kill 4 Players Defense
Defense Defense Time % Phy DF OF
1 Dylan Olsen Victor Bartley 60 1 2 2
2 Reid McNeill Jake Dotchin 40 1 2 2
Penalty Kill - 3 Players Forward
Forward Time % Phy DF OF
1 Tyler Randell 60 1 2 2
2 Calle Jarnkrok 40 1 2 2
Penalty Kill - 3 Players Defense
Defense Defense Time % Phy DF OF
1 Dylan Olsen Victor Bartley 60 1 2 2
2 Reid McNeill Jake Dotchin 40 1 2 2
4 vs 4 Forward
Center Wing Time % Phy DF OF
1 Tyler Randell Calle Jarnkrok 60 1 2 2
2 Brandon McMillan Ryan Hartman 40 1 2 2
4 vs 4 Defense
Defense Defense Time % Phy DF OF
1 Dylan Olsen Victor Bartley 60 1 2 2
2 Reid McNeill Jake Dotchin 40 1 2 2
Last Minutes Offensive
Center Left Wing Right Wing Defense Defense
Calle Jarnkrok Brandon McMillan Tyler Randell Dylan Olsen Victor Bartley
Last Minutes Defensive
Center Left Wing Right Wing Defense Defense
Calle Jarnkrok Brandon McMillan Tyler Randell Dylan Olsen Victor Bartley
Goaltenders
Starting : Anton Forsberg
Backup : Ilya Sorokin
Extra Forwards
Normal : Laurent Dauphin, JC Lipon, Anthony Angello - PP : Laurent Dauphin, JC Lipon - PK : Anthony Angello
Extra Defensemen
Normal : Devon Teows, Mark Alt, Brenden Kichton - PP : Devon Teows - PK : Mark Alt, Brenden Kichton
Penalty Shots
Tyler Randell, Calle Jarnkrok, Brandon McMillan, Ryan Hartman, Sven Andrighetto
Scratches
Michael Bournival (Suspend), Jason Kasdorf (Healthy), Scott Wedgewood (Healthy), Zachary Fucale (Healthy)
% Time on Ice - Mustangs
Lines # - Real PCT - Wanted PCT - Time Play
Normal Forward
1 - 34% - 40% - 17:50
2 - 27% - 30% - 14:10
3 - 23% - 20% - 12:10
4 - 15% - 10% - 7:38
Normal Defense
1 - 39% - 44% - 20:26
2 - 34% - 33% - 17:32
3 - 27% - 23% - 13:50
4 - 0% - 0% - 0:00
PP Forward
1 - 57% - 60% - 1:08
2 - 43% - 40% - 0:51
PP Defense
1 - 56% - 60% - 1:07
2 - 44% - 40% - 0:52
PK Forward
1 - 78% - 60% - 4:50
2 - 22% - 40% - 1:23
PK Defense
1 - 57% - 60% - 3:34
2 - 43% - 40% - 2:39
PK3 Forward
1 - 0% - 60%
2 - 0% - 40%
PK3 Defense
1 - 0% - 60%
2 - 0% - 40%
44 Forward
1 - 0% - 60%
2 - 0% - 40%
44 Defense
1 - 0% - 60%
2 - 0% - 40%
Last Minute Offensive - 0:00
Last Minute Defensive - 0:00
Total
Forward - 60:00
Defense - 60:00
|
% Time on Ice - Harfangs
Lines # - Real PCT - Wanted PCT - Time Play
Normal Forward
1 - 34% - 40% - 17:45
2 - 26% - 30% - 13:15
3 - 24% - 20% - 12:21
4 - 16% - 10% - 8:27
Normal Defense
1 - 38% - 40% - 19:34
2 - 28% - 30% - 14:30
3 - 23% - 20% - 11:53
4 - 11% - 10% - 5:51
PP Forward
1 - 58% - 60% - 3:35
2 - 42% - 40% - 2:38
PP Defense
1 - 62% - 60% - 3:52
2 - 38% - 40% - 2:21
PK Forward
1 - 81% - 60% - 1:36
2 - 19% - 40% - 0:23
PK Defense
1 - 55% - 60% - 1:06
2 - 45% - 40% - 0:53
PK3 Forward
1 - 0% - 60%
2 - 0% - 40%
PK3 Defense
1 - 0% - 60%
2 - 0% - 40%
44 Forward
1 - 0% - 60%
2 - 0% - 40%
44 Defense
1 - 0% - 60%
2 - 0% - 40%
Last Minute Offensive - 0:00
Last Minute Defensive - 0:00
Total
Forward - 60:00
Defense - 60:00
|
Play-by-Play
1st period
0:01 of 1st period - Brandon McMillan wins face-off versus Melker Karlsson in neutral zone.
0:04 of 1st period - Wrist shot by Calle Jarnkrok.
0:04 of 1st period - Deflect By Tyler Randell.
0:04 of 1st period - Stopped by Anthony Stolarz with a rebound.
0:06 of 1st period - Slapshot by Dylan Olsen.
0:06 of 1st period - Shot Blocked by Alexei Marchenko.
0:08 of 1st period - Snap shot by Calle Jarnkrok.
0:08 of 1st period - Stopped by Anthony Stolarz without a rebound.
0:09 of 1st period - Melker Karlsson wins face-off versus Calle Jarnkrok in Mustangs zone.
0:09 of 1st period - Melker Karlsson is hit by Victor Bartley.
0:34 of 1st period - Wrist shot by Tyler Randell.
0:34 of 1st period - Shot Blocked by Alexei Marchenko.
0:36 of 1st period - Slapshot by Calle Jarnkrok.
0:36 of 1st period - Shot Misses the Net.
0:38 of 1st period - Wrist shot by Victor Bartley.
0:38 of 1st period - Shot Blocked by Alexei Marchenko.
0:40 of 1st period - Snap shot by Tyler Randell.
0:40 of 1st period - Shot Misses the Net.
0:42 of 1st period - Slapshot by Victor Bartley.
0:42 of 1st period - Deflect By Brandon McMillan.
0:42 of 1st period - Shot Misses the Net.
0:42 of 1st period - Puck is out of play.
0:43 of 1st period - Stefan Matteau wins face-off versus Nick Shore in Mustangs zone.
0:52 of 1st period - Jake Dotchin is hit by Stefan Matteau and loses puck.
1:21 of 1st period - Snap shot by Nick Sorensen.
1:21 of 1st period - Shot Misses the Net.
1:44 of 1st period - Slapshot by Tuomo Ruutu.
1:44 of 1st period - Stopped by Anton Forsberg without a rebound.
1:45 of 1st period - Ryan Hartman wins face-off versus Iven Barbashev in Harfangs zone.
1:47 of 1st period - Icing by Nick Shore.
1:48 of 1st period - Nick Shore wins face-off versus Iven Barbashev in Harfangs zone.
1:48 of 1st period - Nick Shore is hit by Andrew O'Brien.
1:56 of 1st period - Blake Heinrich is hit by Chrstian Dvorak and loses puck.
2:01 of 1st period - Wrist shot by Max Gortz.
2:01 of 1st period - Stopped by Anton Forsberg without a rebound.
2:02 of 1st period - Calle Jarnkrok wins face-off versus Jim O'Brien in Harfangs zone.
2:02 of 1st period - Calle Jarnkrok is hit by Tuomo Ruutu.
2:24 of 1st period - Minor Penalty to Brayden Point for Roughing.
2:25 of 1st period - Brandon McMillan wins face-off versus Melker Karlsson in Mustangs zone.
2:26 of 1st period - Wrist shot by Tyler Randell.
2:26 of 1st period - Shot Misses the Net.
2:51 of 1st period - Calle Jarnkrok is hit by Alexei Marchenko and loses puck.
2:56 of 1st period - Wrist shot by Stefan Matteau.
2:56 of 1st period - Stopped by Anton Forsberg without a rebound.
2:57 of 1st period - Nick Shore wins face-off versus Melker Karlsson in Harfangs zone.
4:24 of 1st period - Penalty to Brayden Point is over, Brayden Point is back on ice.
4:56 of 1st period - Mark Alt is hit by Damon Severson and loses puck.
5:06 of 1st period - Snap shot by Nick Sorensen.
5:06 of 1st period - Stopped by Anthony Stolarz with a rebound.
5:24 of 1st period - Minor Penalty to Alexei Marchenko for Hooking.
5:25 of 1st period - Calle Jarnkrok wins face-off versus Melker Karlsson in Mustangs zone.
5:28 of 1st period - Snap shot by Calle Jarnkrok.
5:28 of 1st period - Stopped by Anthony Stolarz with a rebound.
5:30 of 1st period - Wrist shot by Calle Jarnkrok.
5:30 of 1st period - Stopped by Anthony Stolarz with a rebound.
5:40 of 1st period - Wrist shot by Tyler Randell.
5:40 of 1st period - Goal by Tyler Randell - Mustangs : 0 - Harfangs : 1.
5:41 of 1st period - Melker Karlsson wins face-off versus Calle Jarnkrok in neutral zone.
5:48 of 1st period - Wrist shot by Melker Karlsson.
5:48 of 1st period - Shot Blocked by Victor Bartley.
5:50 of 1st period - Snap shot by Scott Mayfield.
5:50 of 1st period - Deflect By Melker Karlsson.
5:50 of 1st period - Shot Misses the Net.
5:50 of 1st period - Puck is out of play.
5:51 of 1st period - Calle Jarnkrok wins face-off versus Melker Karlsson in Harfangs zone.
6:06 of 1st period - Brandon McMillan is hit by Melker Karlsson and loses puck.
6:13 of 1st period - Backhand shot by Melker Karlsson.
6:13 of 1st period - Shot Misses the Net.
6:15 of 1st period - Slapshot by Alexei Marchenko.
6:15 of 1st period - Stopped by Anton Forsberg with a rebound.
6:17 of 1st period - Slapshot by Alexei Marchenko.
6:17 of 1st period - Stopped by Anton Forsberg without a rebound.
6:18 of 1st period - Nick Shore wins face-off versus Stefan Matteau in Harfangs zone.
6:18 of 1st period - Nick Shore is hit by Craig Smith.
6:44 of 1st period - Cristoval Nieves is hit by Brayden Point and loses puck.
6:49 of 1st period - Slapshot by Jim O'Brien.
6:49 of 1st period - Stopped by Anton Forsberg with a rebound.
7:13 of 1st period - Snap shot by Nick Sorensen.
7:13 of 1st period - Deflect By Alexei Marchenko.
7:13 of 1st period - Shot Misses the Net.
7:13 of 1st period - Puck is out of play.
7:14 of 1st period - Melker Karlsson wins face-off versus Nick Sorensen in Mustangs zone.
7:21 of 1st period - Wrist shot by Josh Jooris.
7:21 of 1st period - Stopped by Anton Forsberg with a rebound.
7:23 of 1st period - Slapshot by Melker Karlsson.
7:23 of 1st period - Goal by Melker Karlsson - Mustangs : 1 - Harfangs : 1.
7:24 of 1st period - Nick Shore wins face-off versus Melker Karlsson in neutral zone.
9:18 of 1st period - Andreas Martinsen is hit by Brandon McMillan.
9:21 of 1st period - Off-side.
9:22 of 1st period - Jim O'Brien wins face-off versus Cristoval Nieves in neutral zone.
9:36 of 1st period - Slapshot by Victor Bartley.
9:36 of 1st period - Stopped by Anthony Stolarz with a rebound.
10:00 of 1st period - Wrist shot by Nick Shore.
10:00 of 1st period - Stopped by Anthony Stolarz with a rebound.
11:19 of 1st period - Slapshot by Nick Shore.
11:19 of 1st period - Stopped by Anthony Stolarz with a rebound.
11:21 of 1st period - Snap shot by Nick Shore.
11:21 of 1st period - Goal by Nick Shore - Mustangs : 1 - Harfangs : 2.
11:22 of 1st period - Calle Jarnkrok wins face-off versus Jonathan Drouin in neutral zone.
11:24 of 1st period - Off-side.
11:25 of 1st period - Calle Jarnkrok wins face-off versus Melker Karlsson in neutral zone.
11:28 of 1st period - Damon Severson is hit by Brandon McMillan and loses puck.
11:37 of 1st period - Snap shot by Ben Harpur.
11:37 of 1st period - Deflect By Josh Jooris.
11:37 of 1st period - Shot Blocked by Dylan Olsen.
11:37 of 1st period - Puck is out of play.
11:38 of 1st period - Melker Karlsson wins face-off versus Calle Jarnkrok in Harfangs zone.
11:43 of 1st period - Wrist shot by Josh Jooris.
11:43 of 1st period - Deflect By Melker Karlsson.
11:43 of 1st period - Stopped by Anton Forsberg with a rebound.
11:45 of 1st period - Slapshot by Melker Karlsson.
11:45 of 1st period - Stopped by Anton Forsberg without a rebound.
11:46 of 1st period - Calle Jarnkrok wins face-off versus Melker Karlsson in Harfangs zone.
11:55 of 1st period - Snap shot by Tyler Randell.
11:55 of 1st period - Shot Blocked by Ben Harpur.
12:10 of 1st period - Snap shot by Tyler Randell.
12:10 of 1st period - Stopped by Anthony Stolarz with a rebound.
12:16 of 1st period - Backhand shot by Jonathan Drouin.
12:16 of 1st period - Stopped by Anton Forsberg with a rebound.
12:18 of 1st period - Wrist shot by Melker Karlsson.
12:18 of 1st period - Deflect By Josh Jooris.
12:18 of 1st period - Stopped by Anton Forsberg with a rebound.
12:20 of 1st period - Wrist shot by Melker Karlsson.
12:20 of 1st period - Shot Misses the Net.
12:22 of 1st period - Snap shot by Josh Jooris.
12:22 of 1st period - Goal by Josh Jooris - Mustangs : 2 - Harfangs : 2.
12:23 of 1st period - Nick Shore wins face-off versus Stefan Matteau in neutral zone.
12:38 of 1st period - Wrist shot by Nick Shore.
12:38 of 1st period - Stopped by Anthony Stolarz with a rebound.
12:57 of 1st period - Stefan Matteau is hit by Ryan Hartman and loses puck.
13:04 of 1st period - Erik Nystrom is hit by Andreas Martinsen and loses puck.
13:09 of 1st period - Slapshot by Stefan Matteau.
13:09 of 1st period - Stopped by Anton Forsberg without a rebound.
13:10 of 1st period - Melker Karlsson wins face-off versus Calle Jarnkrok in Harfangs zone.
13:29 of 1st period - Melker Karlsson is hit by Jake Dotchin and loses puck.
14:06 of 1st period - Slapshot by Brendan Leipsic.
14:06 of 1st period - Stopped by Anthony Stolarz with a rebound.
14:08 of 1st period - Slapshot by Mark Alt.
14:08 of 1st period - Stopped by Anthony Stolarz without a rebound.
14:09 of 1st period - Calle Jarnkrok wins face-off versus Chrstian Dvorak in Mustangs zone.
15:04 of 1st period - Snap shot by Craig Smith.
15:04 of 1st period - Shot Blocked by Sven Andrighetto.
15:36 of 1st period - Ben Harpur is hit by Calle Jarnkrok.
15:40 of 1st period - Backhand shot by Damon Severson.
15:40 of 1st period - Stopped by Anton Forsberg with a rebound.
15:42 of 1st period - Slapshot by Andrew O'Brien.
15:42 of 1st period - Stopped by Anton Forsberg without a rebound.
15:43 of 1st period - Calle Jarnkrok wins face-off versus Melker Karlsson in Harfangs zone.
16:17 of 1st period - Off-side.
16:18 of 1st period - Jonathan Drouin wins face-off versus Calle Jarnkrok in neutral zone.
17:08 of 1st period - Wrist shot by Cristoval Nieves.
17:08 of 1st period - Stopped by Anthony Stolarz with a rebound.
17:10 of 1st period - Slapshot by Victor Bartley.
17:10 of 1st period - Deflect By Tuomo Ruutu.
17:10 of 1st period - Stopped by Anthony Stolarz with a rebound.
17:12 of 1st period - Slapshot by Victor Bartley.
17:12 of 1st period - Shot Blocked by Damon Severson.
17:14 of 1st period - Wrist shot by Sven Andrighetto.
17:14 of 1st period - Deflect By Tuomo Ruutu.
17:14 of 1st period - Shot Blocked by Ben Harpur.
17:14 of 1st period - Puck is out of play.
17:15 of 1st period - Calle Jarnkrok wins face-off versus Josh Jooris in Mustangs zone.
17:22 of 1st period - Slapshot by Calle Jarnkrok.
17:22 of 1st period - Shot Misses the Net.
17:24 of 1st period - Slapshot by Jake Dotchin.
17:24 of 1st period - Stopped by Anthony Stolarz with a rebound.
17:26 of 1st period - Wrist shot by Calle Jarnkrok.
17:26 of 1st period - Shot Blocked by Alexei Marchenko.
17:28 of 1st period - Snap shot by Tyler Randell.
17:28 of 1st period - Stopped by Anthony Stolarz with a rebound.
17:30 of 1st period - Wrist shot by Calle Jarnkrok.
17:30 of 1st period - Stopped by Anthony Stolarz with a rebound.
18:22 of 1st period - Slapshot by Nick Sorensen.
18:22 of 1st period - Shot Blocked by Max Gortz.
19:26 of 1st period - Slapshot by Victor Bartley.
19:26 of 1st period - Shot Misses the Net.
19:28 of 1st period - Slapshot by Dylan Olsen.
19:28 of 1st period - Deflect By Cristoval Nieves.
19:28 of 1st period - Shot Blocked by Alexei Marchenko.
19:28 of 1st period - Puck is out of play.
19:29 of 1st period - Cristoval Nieves wins face-off versus Jim O'Brien in Mustangs zone.
19:34 of 1st period - Snap shot by Sven Andrighetto.
19:34 of 1st period - Stopped by Anthony Stolarz with a rebound.
19:36 of 1st period - Wrist shot by Mark Alt.
19:36 of 1st period - Deflect By Morgan Klimchuk.
19:36 of 1st period - Shot Misses the Net.
19:36 of 1st period - Puck is out of play.
19:37 of 1st period - Calle Jarnkrok wins face-off versus Melker Karlsson in Mustangs zone.
Goals for this period are 2 for Mustangs vs 2 for Harfangs.
Shots for this period are 16 for Mustangs vs 20 for Harfangs.
2nd period
0:01 of 2nd period - Melker Karlsson wins face-off versus Brandon McMillan in neutral zone.
0:14 of 2nd period - Wrist shot by Jonathan Drouin.
0:14 of 2nd period - Stopped by Anton Forsberg with a rebound.
0:28 of 2nd period - Nick Shore is hit by Stefan Matteau and loses puck.
0:49 of 2nd period - Wrist shot by Lucas Wallmarkk.
0:49 of 2nd period - Shot Blocked by Alexei Marchenko.
0:53 of 2nd period - Snap shot by Nick Sorensen.
0:53 of 2nd period - Stopped by Anthony Stolarz without a rebound.
0:54 of 2nd period - Calle Jarnkrok wins face-off versus Melker Karlsson in Mustangs zone.
0:59 of 2nd period - Snap shot by Calle Jarnkrok.
0:59 of 2nd period - Goal by Calle Jarnkrok - Mustangs : 2 - Harfangs : 3.
1:00 of 2nd period - Melker Karlsson wins face-off versus Calle Jarnkrok in neutral zone.
2:59 of 2nd period - Alexei Marchenko is hit by Brenden Kichton and loses puck.
3:20 of 2nd period - Brendan Leipsic is hit by Josh Jooris and loses puck.
3:44 of 2nd period - Off-side.
3:45 of 2nd period - Cristoval Nieves wins face-off versus Stefan Matteau in neutral zone.
3:56 of 2nd period - Stefan Matteau is hit by Morgan Klimchuk and loses puck.
4:22 of 2nd period - Snap shot by Cristoval Nieves.
4:22 of 2nd period - Shot Misses the Net.
4:24 of 2nd period - Wrist shot by Morgan Klimchuk.
4:24 of 2nd period - Shot Misses the Net.
4:26 of 2nd period - Snap shot by Cristoval Nieves.
4:26 of 2nd period - Stopped by Anthony Stolarz with a rebound.
4:34 of 2nd period - Wrist shot by Morgan Klimchuk.
4:34 of 2nd period - Shot Misses the Net.
4:36 of 2nd period - Slapshot by Reid McNeill.
4:36 of 2nd period - Stopped by Anthony Stolarz with a rebound.
4:46 of 2nd period - Snap shot by Morgan Klimchuk.
4:46 of 2nd period - Stopped by Anthony Stolarz without a rebound.
4:47 of 2nd period - Calle Jarnkrok wins face-off versus Melker Karlsson in Mustangs zone.
5:08 of 2nd period - Minor Penalty to Melker Karlsson for Hooking.
5:09 of 2nd period - Stefan Matteau wins face-off versus Calle Jarnkrok in Mustangs zone.
5:39 of 2nd period - Josh Jooris is hit by Dylan Olsen and loses puck.
5:44 of 2nd period - Backhand shot by Dylan Olsen.
5:44 of 2nd period - Stopped by Anthony Stolarz with a rebound.
6:14 of 2nd period - Jake Dotchin is hit by Josh Jooris and loses puck.
6:18 of 2nd period - Icing by Calle Jarnkrok.
6:19 of 2nd period - Calle Jarnkrok wins face-off versus Stefan Matteau in Harfangs zone.
6:30 of 2nd period - Andrew O'Brien is hit by Ryan Hartman and loses puck.
7:08 of 2nd period - Penalty to Melker Karlsson is over, Melker Karlsson is back on ice.
7:28 of 2nd period - Snap shot by Jim O'Brien.
7:28 of 2nd period - Deflect By Sven Andrighetto.
7:28 of 2nd period - Shot Blocked by Victor Bartley.
7:28 of 2nd period - Puck is out of play.
7:29 of 2nd period - Cristoval Nieves wins face-off versus Chrstian Dvorak in Harfangs zone.
8:57 of 2nd period - Slapshot by Scott Mayfield.
8:57 of 2nd period - Stopped by Anton Forsberg with a rebound.
8:59 of 2nd period - Slapshot by Iven Barbashev.
8:59 of 2nd period - Stopped by Anton Forsberg without a rebound.
9:00 of 2nd period - Calle Jarnkrok wins face-off versus Iven Barbashev in Harfangs zone.
9:11 of 2nd period - Wrist shot by Tyler Randell.
9:11 of 2nd period - Stopped by Anthony Stolarz with a rebound.
9:13 of 2nd period - Slapshot by Victor Bartley.
9:13 of 2nd period - Stopped by Anthony Stolarz without a rebound.
9:14 of 2nd period - Melker Karlsson wins face-off versus Nick Shore in Mustangs zone.
9:25 of 2nd period - Wrist shot by Melker Karlsson.
9:25 of 2nd period - Stopped by Anton Forsberg without a rebound.
9:26 of 2nd period - Melker Karlsson wins face-off versus Calle Jarnkrok in Harfangs zone.
10:03 of 2nd period - Wrist shot by Stefan Matteau.
10:03 of 2nd period - Stopped by Anton Forsberg without a rebound.
10:04 of 2nd period - Jim O'Brien wins face-off versus Calle Jarnkrok in Harfangs zone.
12:22 of 2nd period - Slapshot by Stefan Matteau.
12:22 of 2nd period - Deflect By Andreas Martinsen.
12:22 of 2nd period - Shot Misses the Net.
12:22 of 2nd period - Puck is out of play.
12:23 of 2nd period - Cristoval Nieves wins face-off versus Stefan Matteau in Harfangs zone.
12:28 of 2nd period - Snap shot by Sven Andrighetto.
12:28 of 2nd period - Stopped by Anthony Stolarz with a rebound.
12:30 of 2nd period - Snap shot by Dylan Olsen.
12:30 of 2nd period - Stopped by Anthony Stolarz with a rebound.
12:32 of 2nd period - Snap shot by Sven Andrighetto.
12:32 of 2nd period - Goal by Sven Andrighetto - Mustangs : 2 - Harfangs : 4.
12:33 of 2nd period - Calle Jarnkrok wins face-off versus Melker Karlsson in neutral zone.
14:58 of 2nd period - Damon Severson is hit by Morgan Klimchuk and loses puck.
15:13 of 2nd period - Jonathan Drouin is hit by Lucas Wallmarkk and loses puck.
15:24 of 2nd period - Slapshot by Nick Sorensen.
15:24 of 2nd period - Stopped by Anthony Stolarz without a rebound.
15:25 of 2nd period - Calle Jarnkrok wins face-off versus Stefan Matteau in Mustangs zone.
15:34 of 2nd period - Stefan Matteau is hit by Calle Jarnkrok and loses puck.
15:39 of 2nd period - Snap shot by Calle Jarnkrok.
15:39 of 2nd period - Deflect By Stefan Matteau.
15:39 of 2nd period - Stopped by Anthony Stolarz with a rebound.
15:41 of 2nd period - Snap shot by Brandon McMillan.
15:41 of 2nd period - Stopped by Anthony Stolarz with a rebound.
15:51 of 2nd period - Brenden Kichton is hit by Josh Jooris and loses puck.
16:18 of 2nd period - Brenden Kichton is hit by Brayden Point and loses puck.
16:41 of 2nd period - Slapshot by Brendan Leipsic.
16:41 of 2nd period - Stopped by Anthony Stolarz with a rebound.
16:43 of 2nd period - Slapshot by Brenden Kichton.
16:43 of 2nd period - Stopped by Anthony Stolarz with a rebound.
17:23 of 2nd period - Snap shot by Nick Shore.
17:23 of 2nd period - Shot Misses the Net.
18:24 of 2nd period - Slapshot by Calle Jarnkrok.
18:24 of 2nd period - Shot Misses the Net.
18:26 of 2nd period - Slapshot by Tyler Randell.
18:26 of 2nd period - Shot Blocked by Scott Mayfield.
19:22 of 2nd period - Brendan Leipsic is hit by Andreas Martinsen.
19:26 of 2nd period - Brendan Leipsic is hit by Alexei Marchenko and loses puck.
19:35 of 2nd period - Minor Penalty to Craig Smith for Tripping.
19:36 of 2nd period - Tyler Randell wins face-off versus Melker Karlsson in Mustangs zone.
19:53 of 2nd period - Alexei Marchenko is hit by Tyler Randell and loses puck.
Goals for this period are 0 for Mustangs vs 2 for Harfangs.
Shots for this period are 5 for Mustangs vs 16 for Harfangs.
3rd period
0:01 of 3rd period - Calle Jarnkrok wins face-off versus Melker Karlsson in neutral zone.
1:35 of 3rd period - Penalty to Craig Smith is over, Craig Smith is back on ice.
2:01 of 3rd period - Off-side.
2:02 of 3rd period - Jim O'Brien wins face-off versus Lucas Wallmarkk in neutral zone.
2:13 of 3rd period - Slapshot by Nick Sorensen.
2:13 of 3rd period - Shot Misses the Net.
5:03 of 3rd period - Snap shot by Craig Smith.
5:03 of 3rd period - Deflect By Mark Alt.
5:03 of 3rd period - Shot Blocked by Brendan Leipsic.
5:03 of 3rd period - Puck is out of play.
5:04 of 3rd period - Lucas Wallmarkk wins face-off versus Stefan Matteau in Harfangs zone.
5:16 of 3rd period - Icing by Andrew O'Brien.
5:17 of 3rd period - Stefan Matteau wins face-off versus Calle Jarnkrok in Mustangs zone.
5:32 of 3rd period - Wrist shot by Andreas Martinsen.
5:32 of 3rd period - Stopped by Anton Forsberg without a rebound.
5:33 of 3rd period - Erik Nystrom wins face-off versus Melker Karlsson in Harfangs zone.
5:35 of 3rd period - Minor Penalty to Ryan Hartman for Tripping.
5:36 of 3rd period - Tyler Randell wins face-off versus Melker Karlsson in Harfangs zone.
5:44 of 3rd period - Wrist shot by Josh Jooris.
5:44 of 3rd period - Shot Misses the Net.
7:35 of 3rd period - Penalty to Ryan Hartman is over, Ryan Hartman is back on ice.
7:35 of 3rd period - Icing by Damon Severson.
7:36 of 3rd period - Melker Karlsson wins face-off versus Nick Shore in Mustangs zone.
8:15 of 3rd period - Icing by Nick Shore.
8:16 of 3rd period - Nick Shore wins face-off versus Iven Barbashev in Harfangs zone.
9:05 of 3rd period - Snap shot by Melker Karlsson.
9:05 of 3rd period - Stopped by Anton Forsberg without a rebound.
9:06 of 3rd period - Melker Karlsson wins face-off versus Nick Shore in Harfangs zone.
9:45 of 3rd period - Dylan Olsen is hit by Craig Smith and loses puck.
11:25 of 3rd period - Scott Mayfield is hit by Cristoval Nieves and loses puck.
11:52 of 3rd period - Snap shot by Chrstian Dvorak.
11:52 of 3rd period - Shot Misses the Net.
12:05 of 3rd period - Snap shot by Morgan Klimchuk.
12:05 of 3rd period - Shot Blocked by Ben Harpur.
12:07 of 3rd period - Slapshot by Victor Bartley.
12:07 of 3rd period - Stopped by Anthony Stolarz without a rebound.
12:08 of 3rd period - Calle Jarnkrok wins face-off versus Melker Karlsson in Mustangs zone.
12:15 of 3rd period - Wrist shot by Calle Jarnkrok.
12:15 of 3rd period - Shot Blocked by Melker Karlsson.
13:23 of 3rd period - Lucas Wallmarkk is hit by Melker Karlsson and loses puck.
13:32 of 3rd period - Lucas Wallmarkk is hit by Melker Karlsson and loses puck.
13:43 of 3rd period - Slapshot by Reid McNeill.
13:43 of 3rd period - Shot Blocked by Scott Mayfield.
13:45 of 3rd period - Wrist shot by Cristoval Nieves.
13:45 of 3rd period - Stopped by Anthony Stolarz with a rebound.
13:47 of 3rd period - Wrist shot by Sven Andrighetto.
13:47 of 3rd period - Stopped by Anthony Stolarz without a rebound.
13:48 of 3rd period - Cristoval Nieves wins face-off versus Stefan Matteau in Mustangs zone.
14:13 of 3rd period - Brenden Kichton is hit by Scott Mayfield and loses puck.
14:18 of 3rd period - Slapshot by Jim O'Brien.
14:18 of 3rd period - Stopped by Anton Forsberg without a rebound.
14:19 of 3rd period - Jim O'Brien wins face-off versus Calle Jarnkrok in Harfangs zone.
14:26 of 3rd period - Wrist shot by Jim O'Brien.
14:26 of 3rd period - Shot Misses the Net.
14:28 of 3rd period - Snap shot by Jim O'Brien.
14:28 of 3rd period - Shot Misses the Net.
14:30 of 3rd period - Slapshot by Damon Severson.
14:30 of 3rd period - Deflect By Tuomo Ruutu.
14:30 of 3rd period - Shot Misses the Net.
14:30 of 3rd period - Puck is out of play.
14:31 of 3rd period - Melker Karlsson wins face-off versus Calle Jarnkrok in Harfangs zone.
14:40 of 3rd period - Snap shot by Josh Jooris.
14:40 of 3rd period - Shot Misses the Net.
14:42 of 3rd period - Wrist shot by Alexei Marchenko.
14:42 of 3rd period - Shot Blocked by Dylan Olsen.
15:03 of 3rd period - Dylan Olsen is hit by Ben Harpur and loses puck.
15:31 of 3rd period - Ben Harpur is hit by Nick Shore.
15:53 of 3rd period - Wrist shot by Tuomo Ruutu.
15:53 of 3rd period - Stopped by Anton Forsberg with a rebound.
16:13 of 3rd period - Slapshot by Josh Jooris.
16:13 of 3rd period - Shot Misses the Net.
16:31 of 3rd period - Snap shot by Cristoval Nieves.
16:31 of 3rd period - Shot Blocked by Ben Harpur.
16:33 of 3rd period - Slapshot by Cristoval Nieves.
16:33 of 3rd period - Stopped by Anthony Stolarz without a rebound.
16:34 of 3rd period - Calle Jarnkrok wins face-off versus Stefan Matteau in Mustangs zone.
17:40 of 3rd period - Tyler Randell is hit by Craig Smith and loses puck.
17:50 of 3rd period - Icing by Calle Jarnkrok.
17:51 of 3rd period - Calle Jarnkrok wins face-off versus Melker Karlsson in Harfangs zone.
17:58 of 3rd period - Slapshot by Jake Dotchin.
17:58 of 3rd period - Deflect By Nick Shore.
17:58 of 3rd period - Stopped by Anthony Stolarz without a rebound.
17:59 of 3rd period - Ryan Hartman wins face-off versus Melker Karlsson in Mustangs zone.
18:04 of 3rd period - Slapshot by Nick Shore.
18:04 of 3rd period - Stopped by Anthony Stolarz without a rebound.
18:05 of 3rd period - Calle Jarnkrok wins face-off versus Melker Karlsson in Mustangs zone.
18:12 of 3rd period - Wrist shot by Tyler Randell.
18:12 of 3rd period - Stopped by Anthony Stolarz with a rebound.
18:14 of 3rd period - Wrist shot by Tyler Randell.
18:14 of 3rd period - Stopped by Anthony Stolarz without a rebound.
18:15 of 3rd period - Calle Jarnkrok wins face-off versus Melker Karlsson in Mustangs zone.
18:31 of 3rd period - Alexei Marchenko is hit by Tyler Randell and loses puck.
18:42 of 3rd period - Andreas Martinsen is hit by Nick Shore.
19:52 of 3rd period - Brenden Kichton is hit by Jonathan Drouin and loses puck.
Goals for this period are 0 for Mustangs vs 0 for Harfangs.
Shots for this period are 4 for Mustangs vs 8 for Harfangs.
Back to the Top